 Dungeon Crawl Stone Soup version 0.32-a0-86-g8db1b9f803 (webtiles) character file.

Game seed: 2189146692827224508

357 Ceno the Trooper (level 6, -12/66 HPs)
             Began as an Oni Warper on Feb 5, 2024.
             Was an Initiate of Yredelemnul.
             Mangled by an ice beast (13 damage)
             ... on level 4 of the Dungeon.
             The game lasted 00:13:15 (4933 turns).

Ceno the Trooper (Oni Warper)                       Turns: 4933, Time: 00:13:17

Health: -12/66     AC:  3    Str: 18    XL:     6   Next: 64%
Magic:  0/9        EV:  9    Int: 14    God:    Yredelemnul [......]
Gold:   243        SH:  0    Dex:  8    Spells: 3/9 levels left

rFire   + . .        t - +0 flail
rCold   . . .        (no shield)
rNeg    . . .        b - +0 robe
rPois   .            (helmet restricted)
rElec   .            (no cloak)
rCorr   .            (gloves unavailable)
SInv    .            (boots unavailable)
Will    .....        n - amulet of guardian spirit
Stlth   +            p - ring of protection from fire
HPRegen 0.31/turn    (no ring)
MPRegen 0.11/turn

%: guardian spirit
@: no status effects
A: large, unfitting armour, horns 1, tough skin 1, double potion healing,
drunken brawling
a: Renounce Religion, Recall Undead Harvest


You were on level 4 of the Dungeon.
You worshipped Yredelemnul.
Yredelemnul was noncommittal.
You visited 2 branches of the dungeon, and saw 5 of its levels.

You collected 243 gold pieces.

Inventory:

Hand Weapons
 a - a +1 mace
 t - a +0 flail (weapon)
Missiles
 d - 7 darts of dispersal
 e - 32 stones (quivered)
 k - 5 silver javelins
Armour
 b - a +0 robe (worn)
Jewellery
 n - an amulet of guardian spirit (around neck)
 p - a ring of protection from fire (left hand)
Scrolls
 c - 2 scrolls of blinking
 f - a scroll of revelation {unknown}
 g - a scroll of enchant weapon
 h - 5 scrolls of identify
 i - a scroll of teleportation {unknown}
 l - a scroll of torment {unknown}
 o - a scroll of enchant armour {unknown}
 q - a scroll of brand weapon {unknown}
Potions
 j - 3 potions of curing
 m - a potion of berserk rage
 r - a potion of degeneration
 s - a potion of mutation
 u - 2 potions of attraction {unknown}


   Skills:
 + Level 5.0 Fighting
 * Level 5.0 Maces & Flails
 - Level 1.0 Throwing
 - Level 2.1 Dodging
 - Level 2.4 Spellcasting
 + Level 4.0 Translocations


You had 3 spell levels left.
You knew the following spells:

 Your Spells              Type           Power      Damage    Failure   Level
a - Blink                 Tloc           26%        N/A       7%          2
b - Manifold Assault      Tloc           13%        N/A       41%         4

Your spell library contained the following spells:

 Spells                   Type           Power      Damage    Failure   Level
 Lesser Beckoning         Tloc           26%        N/A       7%          2
 Teleport Other           Tloc           13%        N/A       13%         3
 Inner Flame              Hex/Fire       1%         N/A       56%         3
 Vhi's Electric Charge    Tloc/Air       14%        N/A       69%         4
 Cause Fear               Hex            0%         N/A       92%         4
 Flame Wave               Conj/Fire      1%         2d4       92%         4
 Olgreb's Toxic Radiance  Alch           1%         N/A       92%         4
 Sticky Flame             Fire/Alch      1%         2d4       92%         4
 Fireball                 Conj/Fire      0%         3d3       99%         5
 Ozocubu's Refrigeration  Ice            0%         4d7       100%        7
 Discord                  Hex            0%         N/A       100%        8
 Dragon's Call            Summ           0%         N/A       100%        9


Dungeon Overview and Level Annotations

Branches:
Dungeon (4/15)             Temple (1/1) D:4

Altars:
Dithmenos
Elyvilon
Fedhas
Gozag
Kikubaaqudgha
Makhleb
Okawaru
Ru
Trog
Vehumet
Wu Jian
Xom
Yredelemnul
Zin
The Shining One

Shops:
D:3 =


Innate Abilities, Weirdness & Mutations

You are too large for most types of armour.
You have a pair of small horns on your head.
You have tough skin. (AC +1)
You gain doubled healing and magic from potions.
Whenever you drink a healing potion, you attack all around you.


Message History

You barely miss the ice beast.
The ice beast is severely wounded.
The ice beast closely misses you.
You hit the ice beast but do no damage. Your headbutt misses the ice beast.
The ice beast is severely wounded.
The ice beast hits you. The ice beast freezes you!
The ice beast closely misses you.
You hit the ice beast but do no damage.
The ice beast is severely wounded.
The ice beast barely misses you.
You barely miss the ice beast.
The ice beast is severely wounded.
The ice beast hits you. The ice beast freezes you.
* * * LOW HITPOINT WARNING * * *
You hit the ice beast. Your headbutt misses the ice beast.
Your punch misses the ice beast.
The ice beast is severely wounded.
The ice beast hits you.
* * * LOW HITPOINT WARNING * * *
The ice beast freezes you!
* * * LOW HITPOINT WARNING * * *
You barely miss the ice beast. Your headbutt misses the ice beast.
The ice beast is severely wounded.
The ice beast hits you.
* * * LOW HITPOINT WARNING * * *
The ice beast freezes you.
* * * LOW HITPOINT WARNING * * *
You barely miss the ice beast.
The ice beast is severely wounded.
The ice beast misses you.
You barely miss the ice beast.
The ice beast is severely wounded.
The ice beast hits you but does no damage.
You hit the ice beast.
The ice beast is almost dead.
The ice beast hits you.
* * * LOW HITPOINT WARNING * * *
The ice beast freezes you!
You die...
Your body rises from the dead as a mindless zombie.

#.......#.......#..
#.......#.......#..
#...###+###...#####
#...##..#####+###..
#...#..............
#...'..............
#...#..............
#.Y.#..............
#.@.#..............
###################


You could see an ice beast.

Vanquished Creatures
  A weeping skull (D:3)
  A hound (D:4)
  Jessica (D:2)
  An iguana (D:4)
  An orc wizard (D:2)
  Ijyb (D:4)
  4 gnolls (D:3)
  3 adders
  4 ribbon worms
  2 dart slugs
  4 orcs
  6 bats
  11 endoplasms
  4 goblins
  7 hobgoblins
  A jackal (D:1)
  8 kobolds
  7 quokkas
  8 ball pythons
  4 frilled lizards
  5 rats
  A spectral orc (D:3)
85 creatures vanquished.

Vanquished Creatures (others)
  A hound zombie (D:4)
  A goblin zombie (D:4)
  A ball python zombie (D:4)
  An endoplasm zombie (D:4)
4 creatures vanquished.

Grand Total: 89 creatures vanquished

Notes
Turn   | Place    | Note
-------+----------+-------------------------------------------
     0 | D:1      | Ceno the Oni Warper began the quest for the Orb.
     0 | D:1      | Reached XP level 1. HP: 22/22 MP: 3/3
    55 | D:1      | Reached XP level 2. HP: 21/29 MP: 5/5
    58 | D:1      | Learned a level 2 spell: Blink
   586 | D:1      | Reached XP level 3. HP: 37/37 MP: 6/6
  1175 | D:2      | Found a faded altar of an unknown god.
  1708 | D:2      | Noticed Jessica
  1716 | D:2      | Killed Jessica
  1717 | D:2      | Reached XP level 4. HP: 29/48 MP: 7/7
  1937 | D:2      | Learned a level 4 spell: Manifold Assault
  2336 | D:3      | Found a glowing golden altar of the Shining One.
  2337 | D:3      | Found a sacrificial altar of Ru.
  2595 | D:2      | Reached XP level 5. HP: 28/54 MP: 4/8
  3075 | D:3      | Found Piciqoug's Jewellery Boutique.
  3140 | D:3      | Found a radiant altar of Vehumet.
  3312 | D:3      | Found a basalt altar of Yredelemnul.
  3312 | D:3      | Noticed a weeping skull
  3424 | D:3      | Killed a weeping skull
  3425 | D:3      | Reached XP level 6. HP: 26/61 MP: 3/9
  3630 | D:3      | Found a bloodstained altar of Trog.
  4037 | D:3      | Became a worshipper of Yredelemnul the Dark
  4143 | D:4      | Noticed an ice beast
  4214 | D:4      | Found a staircase to the Ecumenical Temple.
  4221 | Temple   | Entered the Ecumenical Temple
  4345 | D:4      | Reached * piety under Yredelemnul
  4753 | D:4      | Noticed Ijyb
  4795 | D:4      | Killed Ijyb
  4796 | D:4      | Reached skill level 5 in Fighting
  4796 | D:4      | Reached skill level 5 in Maces & Flails
  4806 | D:4      | Your ally Ijyb died
  4930 | D:4      | HP: 1/66 [ice beast (5)]
  4933 | D:4      | Mangled by an ice beast

Illustrated notes

Levels and vault maps discovered:
D:1:      dpeg_arrival_fog, layout_basic, minmay_octomino_c4
D:2:      layout_loops_corners, basic_ecumenical_altar, minmay_pentomino_pile,
          uniq_jessica
D:3:      wad_pebble_path, layout_loops_ring, trog_antimagical,
          yredelemnul_forgotten_temple_becter, nicolae_vehumet_altar_sigil,
          mainiacjoe_overflow_divided_tiny, serial_shops, shop
D:4:      nicolae_BIG_FREAKIN_CUBE, layout_gridville, temple_green, uniq_ijyb
Temple:   nicolae_temple_two_arcs

Skill      XL: |  1  2  3  4  5  6 |
---------------+-------------------+-----
Fighting       | 3 4 5 |  5.0
Translocations | 3 4 |  4.0
Maces & Flails | 3 4 5 |  5.0
Throwing       | |  1.0
Dodging        | |  2.1
Spellcasting   | |  2.4

Action                     |  1- 3 |  4- 6 || total
---------------------------+-------+-------++-------
  Melee: Mace              |   134 |   136 ||   270
         Headbutt          |    18 |    27 ||    45
         Punch             |     3 |    10 ||    13
         Flail             |       |    49 ||    49
         Unarmed           |       |    35 ||    35
  Throw: Stone             |       |     3 ||     3
         Javelin           |       |     3 ||     3
   Cast: Blink             |       |     1 ||     1
         Manifold Assault  |       |     1 ||     1
    Use: Scroll            |     2 |     3 ||     5
   Stab: Sleeping          |     1 |       ||     1
         Distracted        |       |     2 ||     2
 Armour: Robe              |    95 |   140 ||   235
         Skin              |       |    12 ||    12
  Dodge: Dodged            |    58 |    94 ||   152

Table legend: (Time is in decaauts)
 A = Elapsed time spent in this place.
 B = Non-inter-level travel time spent in this place.
 C = Inter-level travel time spent in this place.
 D = Time resting spent in this place.
 E = Time spent auto-exploring this place.
 F = Levels seen in this place.
 G = Mean time per level.
                   A        B        C        D        E       F      G
               +--------+--------+--------+--------+--------+-----+--------+
         Total |   5010 |   4855 |    155 |    286 |   3247 |   5 | 1002.0 |
       Dungeon |   5008 |   4853 |    155 |    286 |   3247 |   4 | 1252.0 |
        Temple |      1 |      1 |      0 |      0 |      0 |   1 |    1.0 |
               +--------+--------+--------+--------+--------+-----+--------+

Top non-repeatable levels by time:
     D:3: 1737 daAuts
     D:2: 1372 daAuts
     D:1: 1113 daAuts
     D:4: 785 daAuts
  Temple: 1 daAuts
